 Dungeon Sprint DCSS version 0.20-b1-18-gaa2fd62 (webtiles) character file.

19664 potatolord6000 the Imperceptible (level 12, -12/109 HPs)
             Began as a Spriggan Assassin on May 24, 2017.
             Was an Initiate of Gozag.
             Mangled by Agnes
             ... wielding a +6 vampiric lajatang
              (14 damage)
             ... in the Dungeon (Sprint IX: "|||||||||||||||||||||||||||||").
             The game lasted 00:13:53 (2598 turns).

potatolord6000 the Imperceptible (SpAs)             Turns: 2598, Time: 00:13:53

Health: -12/109    AC: 11    Str: 19    XL:     12   Next: 38%
Magic:  14/14      EV: 39    Int: 14    God:    Gozag
Gold:   426        SH:  0    Dex: 24    Spells: 11/11 levels left

rFire    + + .     SeeInvis +   c - +1 rapier "Hydra's Nightmare" {elec, rPois rF++ Str+7} (curse)
rCold    . . .     Gourm    .   (shield restricted)
rNeg     . . .     Faith    .   p - +5 robe of Night {Dark MR+ SInv}
rPois    +         Spirit   .   (helmet restricted)
rElec    .         Reflect  .   t - +1 cloak
rCorr    .         Harm     .   (gloves unavailable)
MR       +++..     NoTele   +   (boots unavailable)
Stlth    ..........             (no amulet)
Regen    0.3/turn               d - +3 ring of dexterity
MPRegen  0.2/turn               n - +2 ring of protection

@: berserking, very quick
A: unfitting armour, see invisible, herbivore 3, speed 3, high mp 1, slow
metabolism 2, sturdy frame 1
a: Potion Petition, Call Merchant, Bribe Branch, Renounce Religion


You were in the Dungeon.
You worshipped Gozag.
Gozag was aware of your devotion.
You were completely stuffed.

You visited 1 branch You collected 7090 gold pieces.
You spent 2331 gold pieces at shops.
You paid 4333 gold pieces to Gozag.

Inventory:

Hand Weapons
 c - the cursed +1 rapier "Hydra's Nightmare" (weapon) {elec, rPois rF++ Str+7}
   (You bought it in a shop in the Dungeon)

   Occasionally, upon striking a foe, it will discharge some electrical energy
   and cause terrible harm.
   It affects your strength (+7).
   It greatly protects you from fire.
   It protects you from poison.
   It has a curse placed upon it.
Armour
 p - the +5 robe of Night (worn) {Dark MR+ SInv}
   (You bought it in a shop in the Dungeon)

   It affects your resistance to hostile enchantments.
   It lets you see invisible.
 t - a +1 cloak (worn)
Jewellery
 d - a +3 ring of dexterity (left hand)
 n - a +2 ring of protection (right hand)
Scrolls
 e - 2 scrolls of identify
 f - 3 scrolls of remove curse
 i - 2 scrolls of amnesia
 j - 2 scrolls of fog
 m - 4 scrolls of blinking
 q - 2 scrolls of recharging
 s - a scroll of fear
 u - 2 scrolls of enchant weapon
Potions
 a - 2 potions of agility
 b - a potion of brilliance
 h - 4 potions of curing
 k - 4 potions of magic
 r - a potion of heal wounds
Comestibles
 g - 11 bread rations
 o - 40 fruits


   Skills:
 + Level 13.6 Fighting
 + Level 17.0 Short Blades
 - Level 2.0 Throwing
 + Level 21.0 Dodging
 + Level 22.9 Stealth


You had 11 spell levels left.
You didn't know any spells.

Dungeon Overview and Level Annotations

Branches:
Dungeon (1/1)

Altars:
Cheibriados
Dithmenos
Elyvilon
Fedhas
Gozag
Hepliaklqana
Kikubaaqudgha
Makhleb
Nemelex Xobeh
Okawaru
Qazlal
Ru
Sif Muna
Trog
Uskayaw
Vehumet
Xom
Yredelemnul
Zin
The Shining One
Beogh
Jiyva
Lugonu

Shops:
D (*([(!*[[

Annotations:
D Agnes


Innate Abilities, Weirdness & Mutations

You are very small and have problems with some larger weapons.
You are too small for most types of armour.
You have supernaturally acute eyesight. (SInv)
You are a herbivore.
You cover ground extremely quickly.
You need consume almost no food.
You have an increased reservoir of magic. (+10% MP)
Your movements are slightly less encumbered by armour. (ER -2)


Message History

You completely miss Agnes.
Agnes is severely wounded.
You barely miss Agnes.
Agnes is severely wounded.
Agnes hits you with a vampiric lajatang.
Agnes draws strength from your wounds!
You hit Agnes.
Agnes is severely wounded.
Agnes hits you with a vampiric lajatang!
* * * LOW HITPOINT WARNING * * *
Agnes draws strength from your wounds!
A red film seems to cover your vision as you go berserk!
You feel yourself moving faster!
You feel mighty!
Agnes hits you with a vampiric lajatang!!
* * * LOW HITPOINT WARNING * * *
You barely miss Agnes.
Agnes is heavily wounded.
Agnes hits you with a vampiric lajatang!
You die...
Your body crumbles into a pile of gold.

▓'▓.▓)▓.▓.▓.▓.▓
▓.▓.▓)▓.▓.▓.▓.▓
▓.▓.▓)▓.▓.▓.▓/▓
▓.▓)▓.▓)▓.▓.▓.▓)▓
▓.▓.▓.▓∩▓.▓.▓.▓[▓
▓.▓(▓)▓)▓.▓.▓.▓[▓
▓.▓(▓)▓∩▓.▓.▓.▓[▓
▓i▓∩▓.▓.▓.▓.▓.▓.▓
▓@▓[▓.▓∩▓.▓.▓.▓.▓
▓.▓.▓.▓[▓.▓.▓.▓'▓
▓.▓(▓.▓∩▓.▓.▓.▓.▓
▓.▓(▓.▓[▓.▓.▓.▓)▓
▓.▓.▓.▓.▓.▓'▓.▓.▓
▓.▓.▓.▓[▓.▓%▓.▓.▓
▓.▓.▓.▓∩▓.▓.▓.▓.▓
▓.▓.▓.▓.▓.▓[▓.▓.▓
▓.▓'▓.▓'▓.▓[▓.▓'▓


You could see Agnes.

Vanquished Creatures
  A stone giant (D)
  A very ugly thing (D)
  A fire dragon (D)
  A centaur warrior (D)
  6 orc high priests (D)
  Sonja (D)
  An unseen horror (shapeshifter) (D)
  8 orc knights (D)
  A manticore (D)
  An orc sorcerer (D)
  3 ugly things (D)
  2 elephants (D)
  A gargoyle (D)
  2 spiny frogs (D)
  A komodo dragon (D)
  A yaktaur (D)
  A blink frog (D)
  A hippogriff (D)
  2 yaks (D)
  Eustachio (D)
  A vampire mosquito (D)
  3 porcupines (D)
  6 orc warriors (D)
  A crocodile (D)
  A crimson imp (D)
  3 orc priests (D)
  A hound (D)
  3 orc wizards (D)
  2 worker ants (D)
  2 adders (D)
  A shadow imp (D)
  An adder zombie (D)
  An adder skeleton (D)
  8 orcs (D)
  A bat zombie (D)
  A giant cockroach (D)
  2 goblins (D)
  A hobgoblin (D)
  A giant cockroach zombie (D)
  A jackal zombie (D)
  A kobold (D)
  A quokka skeleton (D)
80 creatures vanquished.

Vanquished Creatures (others)
  A dire elephant (D)
  A two-headed ogre (D)
  An elephant (D)
  2 spiny frogs (D)
  A hornet (D)
  A blink frog (D)
  A bat zombie (D)
8 creatures vanquished.

Grand Total: 88 creatures vanquished

Notes
Turn   | Place    | Note
-------+----------+-------------------------------------------
     0 | D        | potatolord6000 the Spriggan Assassin began the quest for the Orb.
     0 | D        | Reached XP level 1. HP: 10/10 MP: 2/2
    10 | D        | Reached skill level 6 in Stealth
   206 | D        | Noticed a worker ant
   215 | D        | Reached XP level 2. HP: 8/15 MP: 3/3
   228 | D        | Reached skill level 7 in Stealth
   228 | D        | Reached XP level 3. HP: 17/19 MP: 4/4
   238 | D        | Reached skill level 5 in Dodging
   254 | D        | Reached skill level 8 in Stealth
   259 | D        | Found a roughly hewn altar of Beogh.
   259 | D        | Found a snail-covered altar of Cheibriados.
   259 | D        | Found a shadowy altar of Dithmenos.
   259 | D        | Found a white marble altar of Elyvilon.
   259 | D        | Found a blossoming altar of Fedhas.
   259 | D        | Found an opulent altar of Gozag.
   260 | D        | Found a hazy altar of Hepliaklqana.
   261 | D        | Found a viscous altar of Jiyva.
   262 | D        | Found an ancient bone altar of Kikubaaqudgha.
   263 | D        | Found a corrupted altar of Lugonu.
   264 | D        | Found a burning altar of Makhleb.
   265 | D        | Found a sparkling altar of Nemelex Xobeh.
   266 | D        | Found an iron altar of Okawaru.
   267 | D        | Became a worshipper of Gozag Ym Sagoz the Greedy
   268 | D        | Found a stormy altar of Qazlal.
   269 | D        | Found a sacrificial altar of Ru.
   270 | D        | Found a deep blue altar of Sif Muna.
   271 | D        | Found a bloodstained altar of Trog.
   272 | D        | Found a hide-covered altar of Uskayaw.
   273 | D        | Found a radiant altar of Vehumet.
   275 | D        | Found a shimmering altar of Xom.
   276 | D        | Found a basalt altar of Yredelemnul.
   277 | D        | Found a glowing silver altar of Zin.
   278 | D        | Found a glowing golden altar of the Shining One.
   426 | D        | Noticed a sky beast
   436 | D        | Reached XP level 4. HP: 17/24 MP: 5/5
   437 | D        | Reached skill level 5 in Short Blades
   437 | D        | Reached skill level 9 in Stealth
   459 | D        | Noticed a hornet
   459 | D        | Noticed a hippogriff
   459 | D        | Noticed a two-headed ogre
   466 | D        | Banished a hornet
   466 | D        | Reached skill level 5 in Fighting
   466 | D        | Reached skill level 11 in Stealth
   466 | D        | Reached XP level 5. HP: 23/30 MP: 6/6
   466 | D        | Reached XP level 6. HP: 27/35 MP: 7/7
   472 | D        | Banished a two-headed ogre
   472 | D        | Reached skill level 13 in Stealth
   472 | D        | Reached XP level 7. HP: 34/42 MP: 8/8
   610 | D        | Noticed a spiny frog
   610 | D        | Noticed a spiny frog
   610 | D        | Noticed a spiny frog
   610 | D        | Noticed a yak
   610 | D        | Noticed a komodo dragon
   611 | D        | Noticed a seven-headed hydra
   612 | D        | Killed a spiny frog
   612 | D        | Reached skill level 14 in Stealth
   612 | D        | Reached XP level 8. HP: 46/46 MP: 9/9
   622 | D        | Noticed a spiny frog
   625 | D        | Banished a spiny frog
   625 | D        | Reached skill level 10 in Short Blades
   632 | D        | Reached skill level 15 in Stealth
   647 | D        | Banished a spiny frog
   659 | D        | Killed a komodo dragon
   659 | D        | Reached XP level 9. HP: 24/52 MP: 10/10
   844 | D        | Noticed a seven-headed hydra
   847 | D        | Noticed an elephant
   848 | D        | Reached skill level 16 in Stealth
   892 | D        | Reached skill level 15 in Dodging
   908 | D        | Noticed an elephant
   908 | D        | Noticed a dire elephant
   908 | D        | Noticed an elephant
   908 | D        | Noticed an elephant
   908 | D        | Noticed a dire elephant
   908 | D        | Noticed an elephant
   909 | D        | Noticed an elephant
   911 | D        | Banished a dire elephant
   911 | D        | Reached skill level 17 in Stealth
   914 | D        | Noticed an elephant
   920 | D        | Banished an elephant
   927 | D        | Killed an elephant
   927 | D        | Reached skill level 10 in Fighting
   927 | D        | Reached XP level 10. HP: 40/59 MP: 11/11
   949 | D        | Killed an elephant
  1135 | D        | Killed a spiny frog
  1135 | D        | Reached skill level 18 in Stealth
  1390 | D        | Bought the +5 robe of Night {Dark MR+ SInv} for 1560 gold pieces
  1540 | D        | Noticed an orc knight
  1543 | D        | Noticed an orc sorcerer
  1544 | D        | Killed an orc knight
  1554 | D        | Noticed an orc high priest
  1556 | D        | Killed an orc sorcerer
  1568 | D        | Banished an orc high priest
  1568 | D        | Reached skill level 19 in Stealth
  1615 | D        | Bought a crystal rapier for 261 gold pieces
  1615 | D        | Identified the cursed +1 rapier "Hydra's Nightmare" {elec, rPois rF++ Str+7} (You bought it in a shop in the Dungeon)
  1732 | D        | Noticed an orc knight
  1732 | D        | Noticed an orc high priest
  1732 | D        | Noticed an orc knight
  1732 | D        | Noticed an orc high priest
  1733 | D        | Noticed an orc knight
  1734 | D        | Killed an orc knight
  1735 | D        | Found Keom's Armour Emporium.
  1739 | D        | Noticed an orc high priest
  1745 | D        | Killed an orc high priest
  1746 | D        | Noticed an orc knight
  1767 | D        | Killed an orc knight
  1767 | D        | Reached XP level 11. HP: 20/65 MP: 12/12
  1769 | D        | Noticed a sun demon
  1782 | D        | Found Ceblos's Antique Weapon Shoppe.
  1794 | D        | Killed an orc high priest
  1800 | D        | Killed an orc knight
  1800 | D        | Reached skill level 20 in Stealth
  1810 | D        | Killed an orc high priest
  1812 | D        | Found Zaobes's Distillery.
  1814 | D        | Noticed an orc high priest
  1816 | D        | Killed an orc knight
  1817 | D        | Found Meinn's General Store.
  1817 | D        | Noticed an orc knight
  1819 | D        | Noticed an orc high priest
  1822 | D        | Noticed an orc knight
  1825 | D        | Noticed an orc knight
  1825 | D        | Killed an orc high priest
  1825 | D        | Reached skill level 15 in Short Blades
  1828 | D        | Noticed an orc high priest
  1830 | D        | Killed an orc knight
  1844 | D        | Killed an orc high priest
  1851 | D        | Killed an orc knight
  1851 | D        | Reached skill level 21 in Stealth
  1852 | D        | Killed an orc knight
  1864 | D        | Killed an orc high priest
  1910 | D        | Bought a potion of mutation for 104 gold pieces
  1910 | D        | Bought a potion of heal wounds for 65 gold pieces
  2101 | D        | Gained mutation: Your movements are slightly less encumbered by armour. (ER -2) [potion of mutation]
  2101 | D        | Gained mutation: You have an increased reservoir of magic. (+10% MP) [potion of mutation]
  2133 | D        | Noticed Sonja
  2143 | D        | Killed Sonja
  2280 | D        | Noticed a red ugly thing
  2294 | D        | Noticed a cyan ugly thing
  2308 | D        | Killed a red ugly thing
  2313 | D        | Noticed a purple ugly thing
  2331 | D        | Noticed a red very ugly thing
  2348 | D        | Killed a red ugly thing
  2362 | D        | Killed a red very ugly thing
  2362 | D        | Reached skill level 22 in Stealth
  2362 | D        | Reached XP level 12. HP: 49/73 MP: 14/14
  2373 | D        | Noticed a stone giant
  2375 | D        | Noticed a centaur warrior
  2386 | D        | Noticed a fire dragon
  2398 | D        | Killed a stone giant
  2405 | D        | Killed a centaur warrior
  2427 | D        | Killed a fire dragon
  2506 | D        | Bought a potion of heal wounds for 155 gold pieces
  2506 | D        | Bought 2 potions of curing for 186 gold pieces
  2531 | D        | Noticed Eustachio
  2549 | D        | Killed Eustachio
  2562 | D        | Noticed Agnes
  2597 | D        | HP: 2/109 [Agnes/vampiric lajatang (25)]
  2598 | D        | Mangled by Agnes

Skill      XL: |  1  2  3  4  5  6  7  8  9 10 11 12 |
---------------+-------------------------------------+-----
Dodging        | 3 4 6 9 11 12 14 15 17 20 21 | 21.0
Stealth        | 6 7 8 11 13 14 15 17 19 22 | 22.9
Fighting       | 2 3 5 7 8 10 11 13 | 13.6
Short Blades   | 3 4 7 9 11 12 14 16 17 | 17.0
Throwing       | |  2.0

Action                   |  1- 3 |  4- 6 |  7- 9 | 10-12 || total
-------------------------+-------+-------+-------+-------++-------
Melee: Dagger            |    58 |       |       |       ||    58
       Rapier            |     5 |    15 |    81 |   356 ||   457
Invok: Call Merchant     |       |       |     1 |     4 ||     5
       Potion Petition   |       |       |       |     1 ||     1
  Use: Potion            |     3 |       |     6 |    12 ||    21
       Scroll            |       |       |     2 |     1 ||     3
 Stab: Invisible         |       |     4 |       |     8 ||    12
       Sleeping          |       |       |     2 |     6 ||     8
       Distracted        |       |       |     1 |     5 ||     6
  Eat: Bread ration      |       |       |       |     2 ||     2
Armor: Robe              |     6 |     1 |     6 |     6 ||    19
Dodge: Dodged            |    30 |    11 |    52 |   179 ||   272
